AoeStats
← Camargo

Golden Pit

507539948Analyzed
1v1 RM · 14d ago on Sep 18, 2026· 50m 19s· 2 players
Game mode
Random Map
Map size
Tiny (2 player)
Population
200
Speed
Normal
Resources
Standard
Victory
Conquest
Starting age
Dark Age
Ending age
Imperial Age
RankedLock teamsTeams togetherTeam positionsShared explorationLock speedFull tech treeHidden civsTurbo modeCheats
Victory
Defeat
🇨🇴 Persians · Colombia
877
+17
🇹🇷 Malians · Türkiye
893
-17
Camargo
5:30 Loom
5:59 Loom
9:06 Feudal Age
10:22 Double-Bit Axe
11:40 Town Watch
17:20 Bloodlines
22:25 Castle Age
21:00 Gold Mining
20:55 Horse Collar
21:50 Padded Archer Armor
23:36 Husbandry
24:25 Scale Barding Armor
24:31 Forging
29:38 Fletching
29:27 Elite Skirmisher
34:16 Leather Archer Armor
34:08 Stone Mining
39:21 Gold Shaft Mining
39:21 Stone Shaft Mining
43:03 Imperial Age
41:49 Chain Barding Armor
41:27 Bodkin Arrow
41:50 Bow Saw
44:11 Conscription
45:15 Heavy Camel Rider
47:26 Chemistry
49:26 Iron Casting
50:52 Kamandaran
mert3x
7:43 Loom
11:05 Feudal Age
21:11 Castle Age
26:52 Horse Collar
32:26 Fletching
34:59 Scale Barding Armor
35:45 Squires
36:03 Forging
38:29 Wheelbarrow
39:13 Scale Mail Armor
39:48 Iron Casting
42:45 Imperial Age
45:23 Chemistry
44:43 Ballistics
46:35 Murder Holes
46:53 Fortified Wall
46:13 Pikeman
Connection lost

Rejoining the realm…

Still unreachable

The connection could not be restored.

Session expired

The server has moved on; the page needs a fresh start.